 Dungeon Crawl Stone Soup version 0.15.1-4-gac8487e (webtiles) character file.

333 Johnny the Chiller (level 6, -3/48 HPs)
             Began as a Demigod Ice Elementalist on Oct 13, 2014.
             Slain by a giant frog (6 damage)
             ... in a sewer.
             The game lasted 00:06:57 (2379 turns).

Johnny the Chiller (Demigod Ice Elementalist)       Turns: 2379, Time: 00:06:57

HP  -3/48        AC  5     Str 12      XL: 6   Next:  5%
MP  22/25        EV 14     Int 21      God:
Gold 52          SH  0     Dex 23      Spells:  2 memorised,  6 levels left

rFire  . . .     SeeInvis .     k - +0 short sword
rCold  . . .     Clarity  .     j - +0 ring mail
rNeg   . . .     rCorr    .     (no shield)
rPois  .         rRot     .     (no helmet)
rElec  .         Spirit   .     (no cloak)
SustAb .         Warding  .     (no gloves)
rMut   .         Stasis   .     (no boots)
Gourm  .                        a - amulet of rage
MR     .....                    (no ring)
                                o - ring of magical power

@: agile, exhausted, constricted, not resistant to hostile enchantments,
unstealthy
A: no striking features
a: Evoke Berserk Rage


You were in a sewer.
You were very hungry.

You visited 1 branch of the dungeon, and saw 3 of its levels.
You also visited: Sewer.

You collected 52 gold pieces.

Inventory:

Hand weapons
 i - a +0 dagger
 k - a +0 short sword (weapon)
 t - a cursed +0 spear
Armour
 j - a +0 ring mail (worn)
Comestibles
 c - a bread ration
 l - 2 meat rations
 v - a chunk of ball python flesh
Scrolls
 e - 2 scrolls of identify
 g - a scroll of immolation {unknown}
 m - 2 scrolls of fog {unknown}
 r - a scroll of enchant weapon {unknown}
 s - a scroll of remove curse {unknown}
 u - 3 scrolls of teleportation {unknown}
 w - 2 scrolls of recharging {unknown}
Jewellery
 a - an amulet of rage (around neck)
 o - a ring of magical power (left hand)
Potions
 n - 2 potions of brilliance
 q - 4 potions of might
Books
 b - a book of Frost

   Spells                             Type                      Level
   *Freeze                            Ice                          1
   Throw Frost                        Conjuration/Ice              2
   Ozocubu's Armour                   Charms/Ice                   3
   Throw Icicle                       Conjuration/Ice              4
   *Summon Ice Beast                  Ice/Summoning                4
   Condensation Shield                Ice                          4


   Skills:
 * Level 2.0 Fighting
 + Level 1.6 Armour
 + Level 2.7 Dodging
 + Level 2.4 Stealth
 * Level 3.0 Spellcasting
   Level 0.8 Conjurations
 * Level 1.0 Summonings
 * Level 3.6 Ice Magic
 * Level 1.1 Evocations


You had 6 spell levels left.
You knew the following spells:

 Your Spells              Type           Power        Failure   Level  Hunger
a - Freeze                Ice            ###.         6%          1    None
b - Summon Ice Beast      Ice/Summ       ##......     77%         4    ####...


Dungeon Overview and Level Annotations

Branches:
Dungeon (3/15)

Annotations:
D:3 Natasha


Message History

Aim: a giant frog (water, almost dead, slow)
You freeze the giant frog.
The giant frog is almost dead.
The ball python bites you but does no damage. x2
* * * LOW HITPOINT WARNING * * *
The ball python constricts you.
The giant frog hits you but does no damage.
Unknown command.
Casting: Freeze
Confirm with . or Enter, or press ? or * to list all spells.
Aiming: Freeze
Press: ? - help, Shift-Dir - straight line, f/p - giant frog
Aim: a giant frog (water, almost dead, slow)
You freeze the giant frog.
The giant frog seems to slow down.
The giant frog is almost dead.
The ball python misses you.
The ball python bites you but does no damage.
* * * LOW HITPOINT WARNING * * *
The ball python constricts you. The giant frog hits you.
You die...

#######################
....≈≈≈≈≈≈≈≈≈≈≈≈≈≈≈≈≈.##
.....≈≈F≈≈≈≈≈≈≈≈≈≈≈≈≈≈...
....≈≈≈S@≈≈≈≈≈≈≈≈≈≈≈≈≈...
.....≈≈S≈≈≈≈≈≈≈≈≈≈≈≈≈....
...≈≈≈≈≈≈≈≈≈≈≈≈≈≈≈≈≈≈...
....≈≈≈≈≈≈≈≈≈≈≈≈≈≈≈≈≈...
+#####################..
####. #..'. #..## #####


You could see a giant frog and 2 ball pythons.

Vanquished Creatures
  A giant frog (Sewer)
  Natasha (D:3)
  8 adders
  10 green rats
  A giant mite (D:3)
  2 oozes (D:2)
  15 ball pythons
  4 bats
  3 giant cockroaches
  7 goblins
  2 hobgoblins (D:2)
  3 giant geckos
  5 giant newts
  2 jackals (D:3)
  7 kobolds
  A quokka (D:2)
  24 rats
96 creatures vanquished.

Notes
Turn   | Place    | Note
--------------------------------------------------------------
     0 | D:1      | Johnny, the Demigod Ice Elementalist, began the quest for the Orb.
     0 | D:1      | Reached XP level 1. HP: 14/14 MP: 3/3
   300 | D:1      | Reached XP level 2. HP: 11/22 MP: 2/5
   813 | D:2      | Reached skill level 1 in Fighting
   879 | D:2      | Reached skill level 3 in Ice Magic
   879 | D:2      | Reached XP level 3. HP: 26/28 MP: 8/8
  1386 | D:3      | Found a glowing drain.
  1387 | D:3      | Noticed Natasha
  1405 | D:3      | Killed Natasha
  1405 | D:3      | Reached skill level 1 in Armour
  1405 | D:3      | Reached XP level 4. HP: 16/35 MP: 7/11
  1415 | D:3      | Noticed Natasha
  1509 | Sewer    | Entered a sewer
  1840 | Sewer    | Reached XP level 5. HP: 34/41 MP: 4/12
  1849 | Sewer    | Learned a level 4 spell: Summon Ice Beast
  2238 | Sewer    | Reached skill level 1 in Evocations
  2368 | Sewer    | Reached skill level 1 in Summonings
  2368 | Sewer    | Reached XP level 6. HP: 19/48 MP: 16/16
  2379 | Sewer    | Slain by a giant frog

Action                   |  1- 3 |  4- 6 || total
-------------------------+-------+-------++-------
Melee: Dagger            |    16 |       ||    16
       Unarmed           |     6 |       ||     6
       Short sword       |    59 |    17 ||    76
 Cast: Freeze            |    53 |   104 ||   157
 Abil: Evoke Berserk Rag |       |     1 ||     1
  Use: Potion            |       |     7 ||     7
       Scroll            |       |     2 ||     2
  Eat: Chunk             |       |     3 ||     3
       Beef jerky        |       |     1 ||     1
